[Event "FIDE Women GP Cyprus 2025"]
[Site "Nicosia"]
[Date "2025.03.23"]
[Round "8.1"]
[White "Dzagnidze, Nana"]
[Black "Muzychuk, Mariya"]
[Result "1/2-1/2"]
[Annotator "TA"]
[ECO "D95"]
[WhiteElo "2513"]
[BlackElo "2490"]
[PlyCount "105"]
[EventDate "2025.03.10"]
[EventType "tourn"]
[EventCountry "CYP"]
[SourceTitle "playchess.com"]
[Source "ChessBase"]
[SourceQuality "1"]
[TimeControl "40/5400+30:1800+30"]

1. d4 Nf6 2. c4 g6 3. Nc3 d5 4. Nf3 Bg7 5. e3 O-O 6. Qb3 e6 7. Be2 dxc4 8. Bxc4 b6 9. O-O Bb7 10. Rd1 {[%emt 0:00:30] D95: Grünfeld: 4 Nf3 Bg7 5 e3 0-0 6 Qb3.} Qe7 11. Bd2 Nbd7 12. a4 $146 (12. Nb5 c5 13. Qa3 a6 14. Nc7 Ra7 15. Nb5 axb5 16. Qxa7 Bxf3 17. gxf3 bxc4 18. dxc5 Qxc5 19. Bc3 Qc6 20. e4 Ra8 21. Rd6 Qc8 {0-1 Schroll,G (2243)-Kundianok,V (2377) Vienna Advent op 2024 (4)}) 12... Ne4 13. a5 Nxd2 14. Nxd2 a6 15. axb6 cxb6 16. Be2 b5 17. Bf3 Bxf3 18. Nxf3 Nb6 19. Ne4 Nc4 20. Nfd2 Nxd2 21. Rxd2 Rfc8 22. Rc2 Rxc2 23. Qxc2 Qb7 {[%emt 0:00:20] Repels Qc6} 24. b4 e5 25. dxe5 Bxe5 26. Rd1 Qc7 27. Qxc7 Bxc7 $11 {[%emt 0:00:02][%mdl 4096] Endgame KRB-KRN} 28. Kf1 Be5 29. Rd7 Bb2 30. Nc5 Bc3 31. Nd3 a5 32. bxa5 Rxa5 33. e4 Ra2 34. Rb7 Rd2 35. Nf4 Bd4 36. f3 Rf2+ 37. Ke1 Rb2 38. g4 b4 (38... Rxh2 39. Rxb5 Ra2 40. Nd5 $11) 39. Nd3 (39. Rb8+ $15 Kg7 40. Rb7 Bc3+ (40... Rxh2 $2 41. Ne6+ Kf6 42. Nxd4 $18) 41. Kf1) 39... Bc3+ $17 (39... Rxh2 $6 40. Nxb4 f5 41. gxf5 $11) 40. Kf1 {[%emt 0:00:03] [#]} Rb1+ $1 41. Ke2 b3 42. Ke3 g5 (42... b2 $17 {and ...Rd1 would now be decisive} 43. e5 Bxe5) 43. Rc7 Bf6 44. Rb7 b2 $1 45. Rb5 Bc3 ({Black should try} 45... Kf8 $15 46. Kd2 Rh1 47. Nxb2 Rxh2+ 48. Kc1 Rf2) 46. Rxg5+ $11 {[%emt 0:01:11] The position is equal.} Kh8 {[%emt 0:00:33][%cal Ob1e1] [#]} (46... Kf8 $5 47. Rb5 $8 h6 $11) 47. Rb5 Rd1 48. Nxb2 Bd4+ 49. Kf4 (49. Ke2 $5 Rb1 $8 50. Rf5 (50. Rb8+ $2 Kg7 $19) 50... Rxb2+ 51. Kd3 $19) 49... Rb1 50. Rb4 Bc3 51. Rb3 Bd4 52. Rb4 Bc3 53. Rb3 {[%emt 0:00:05] Weighted Error Value: White=0.06 (flawless) /Black=0.07 (flawless)   Mistake:       	White=1     	Black=2      Inaccurate:     	White=2     	---        OK:         	White=13    	Black=21     Best:        	White=6     	Black=1      Strong:       	---       	Black=2} (53. Rb8+ Kg7 54. Rb3 Bxb2 (54... Rxb2 55. Rxc3 Rxh2 56. Rc7 $16)) 1/2-1/2

[Event "FIDE Women GP Cyprus 2025"]
[Site "Nicosia"]
[Date "2025.03.23"]
[Round "8.2"]
[White "Goryachkina, Aleksandra"]
[Black "Harika, Dronavalli"]
[Result "1/2-1/2"]
[Annotator "TA"]
[ECO "C06"]
[WhiteElo "2548"]
[BlackElo "2483"]
[PlyCount "73"]
[EventDate "2025.03.10"]
[EventType "tourn"]
[EventCountry "CYP"]
[SourceTitle "playchess.com"]
[Source "ChessBase"]
[SourceQuality "1"]
[TimeControl "40/5400+30:1800+30"]

1. e4 e6 2. d4 d5 3. Nd2 Be7 4. Ngf3 Nf6 5. e5 Nfd7 6. c3 c5 7. Bd3 Nc6 8. O-O a5 9. Re1 {[%emt 0:01:46] 9.a4 is more fashionable.} cxd4 10. cxd4 Qb6 $1 11. h3 {[%emt 0:02:24] C06: French Tarrasch: 3...Nf6 4 e5 Nfd7 5 Bd3 main lines.} a4 12. a3 Nxd4 13. Nxd4 Qxd4 14. Nf3 {[%emt 0:00:19] White sacrificed a pawn} Qb6 {[%emt 0:00:46] A sharp opening} 15. Ng5 Nc5 16. Bc2 Nb3 17. Bxb3 $146 (17. Be3 d4 18. Bxb3 dxe3 19. Bxa4+ Rxa4 (19... Kf8 20. Ne4 $15) 20. Qxa4+ Bd7 21. Qa8+ Bd8 $19) (17. Rb1 Nxc1 18. Qxc1 h6 19. Nf3 Bc5 20. Qd2 Bd7 21. b4 axb3 22. Rxb3 Qa7 23. Reb1 {0-1 Kollars,D (2643)-Shipov,S (2541) Titled Tuesday intern op 14th Jun Early blitz 2022 (7)}) 17... Qxb3 18. Qh5 g6 19. Qh6 Bf8 {[%emt 0:02:57] Prevents Qg7.} 20. Qh4 {[%emt 0:00:26][%cal Oh4f4] [#] and Qf4! would now be decisive} Qc4 21. Qxc4 dxc4 22. Ne4 Be7 23. Bh6 Bd7 24. Rad1 Bc6 25. Nd6+ Bxd6 26. Rxd6 Rd8 27. Red1 Bd5 {[%emt 0:01:20] With the idea ...Rxd6.} 28. Rxd8+ Kxd8 $11 {[%emt 0:00:08][%mdl 4096] Endgame KRB-KRB. Black is a pawn up.} 29. Rd4 Rg8 30. Bg5+ Kd7 31. Rf4 Ke8 32. Rh4 h5 33. Bd2 Kd7 34. Rf4 Ke8 35. Rh4 Kd7 36. Rf4 Ke8 37. Rh4 {[%emt 0:01:30] Weighted Error Value: White=0.03 (flawless) /Black=0.04 (flawless)   Inaccurate:     	---       	Black=1      OK:         	White=16    	Black=12     Best:        	White=1     	Black=1} 1/2-1/2

[Event "FIDE Women GP Cyprus 2025"]
[Site "Nicosia"]
[Date "2025.03.23"]
[Round "8.3"]
[White "Muzychuk, Anna"]
[Black "Paehtz, Elisabeth"]
[Result "1-0"]
[Annotator "TA"]
[ECO "D25"]
[WhiteElo "2516"]
[BlackElo "2424"]
[PlyCount "71"]
[EventDate "2025.03.10"]
[EventType "tourn"]
[EventCountry "CYP"]
[SourceTitle "playchess.com"]
[Source "ChessBase"]
[SourceQuality "1"]
[TimeControl "40/5400+30:1800+30"]

1. d4 d5 2. c4 dxc4 3. e3 Be6 4. Nf3 Nf6 5. Nbd2 c5 6. Bxc4 {[%emt 0:09:01] D25: Queen's Gambit Accepted: 4 e3: sidelines and 4...Bg4.} Bxc4 7. Nxc4 Qd5 8. Qa4+ $146 {[%emt 0:11:39] White is slightly better.} ({Predecessor:} 8. Nce5 cxd4 9. Qxd4 Qxd4 10. Nxd4 Nfd7 11. Nxd7 Kxd7 12. Ke2 e5 13. Nf3 f6 14. Rd1+ {½-½ Erigaisi,A (2778)-Paravyan,D (2608) CrunchLab Masters Div 3 W rapid 2024 (3.4)}) 8... Qd7 9. Qb3 {[%emt 0:00:32] White is more active.} ({Better is} 9. Qa3 $16) 9... e6 $1 $14 10. O-O Be7 11. Nce5 Qc7 12. dxc5 Nbd7 13. Nxd7 Nxd7 14. Bd2 Nxc5 15. Qc4 O-O 16. Rac1 Qd7 17. Bc3 Rfd8 18. Qg4 Bf8 19. h3 {[%emt 0:10:26] The position is symmetric and equal} (19. Bxg7 $2 f5 20. Bxf8+ fxg4 $19) 19... Qd5 20. Ne5 Nd3 (20... f6 $15 21. b4 Na4 (21... fxe5 22. bxc5 Re8 23. Qh5 $16)) 21. Nxd3 $40 {[%emt 0:01:23][%mdl 128] White mounts an attack.} Qxd3 22. Rfd1 Qb5 23. Rd4 e5 24. a4 Qc5 (24... Qe8 $14 25. Rc4 Bd6) 25. Rxd8 Rxd8 26. Qe4 Rd5 {[%emt 0:03:39] [#]} 27. Bd2 $1 Qd6 28. Bb4 Qd8 (28... Qd7 $16 29. Bxf8 Kxf8 30. Qxh7 Rd1+ 31. Rxd1 Qxd1+ 32. Kh2 f6) 29. Bxf8 $18 Kxf8 {[%emt 0:02:03][%mdl 4096] Endgame KQR-KQR} 30. Qb4+ Ke8 31. Qg4 {[%emt 0:00:25][%cal Oc1c8] Prevents Rd1+} Qf6 (31... Ke7 $16 {was called for.} 32. Qxg7 Rd1+ 33. Rxd1 Qxd1+ 34. Kh2 Ke6 35. Qh6+ (35. Qxh7 Qxa4 36. g4 Qb5 $18) 35... Ke7 36. Qh4+ (36. Qxh7 Qxa4 37. g4 Qb4 $18) 36... Ke6 37. Qc4+ (37. Qxh7 Qxa4 38. g4 Qb5 $18) 37... Qd5 38. Qg4+ Kf6) 32. Qc8+ (32. Rc7 $18) 32... Qd8 $16 33. Qg4 (33. Qxb7 $16 {[%cal Oc1c8] Hoping for Rc8!.} Rd1+ 34. Rxd1 Qxd1+ 35. Kh2) 33... Qf6 $1 $18 34. Rc7 {[%emt 0:01:27] White is clearly better.} Rd2 (34... b6 $142 35. Rxa7 Rd2) 35. Qc8+ ({Worse is} 35. Rxb7 Qxf2+ 36. Kh2 Qxe3 $14) 35... Qd8 36. Qxb7 {[%emt 0:00:25] Weighted Error Value: White=0.14 (very precise) /Black=0.17 (very precise)   Mistake:       	White=3     	Black=5      Inaccurate:     	White=3     	Black=2      OK:         	White=12    	Black=6      Best:        	White=3     	Black=2      Strong:       	---       	Black=2      Brilliant:      	White=1     	---} 1-0

[Event "FIDE Women GP Cyprus 2025"]
[Site "Nicosia"]
[Date "2025.03.23"]
[Round "8.4"]
[White "Divya Deshmukh"]
[Black "Badelka, Olga"]
[Result "1-0"]
[Annotator "TA"]
[ECO "D04"]
[WhiteElo "2470"]
[BlackElo "2429"]
[PlyCount "141"]
[EventDate "2025.03.10"]
[EventType "tourn"]
[EventCountry "CYP"]
[SourceTitle "playchess.com"]
[Source "ChessBase"]
[SourceQuality "1"]
[TimeControl "40/5400+30:1800+30"]

1. Nf3 d5 2. e3 Nf6 3. b3 g6 4. Bb2 Bg7 5. d4 O-O 6. Bd3 b6 {[%emt 0:05:05] D04: Colle System.} 7. O-O Bb7 8. Qe2 Nbd7 {[%emt 0:02:39] The position is equal.} 9. Nbd2 c5 10. Ne5 Rc8 11. f4 e6 12. a4 Qc7 $146 ({Predecessor:} 12... a5 13. Rac1 Rc7 14. Bb5 Qc8 15. Qd3 Rd8 16. c3 Nb8 17. Qe2 Nc6 18. Nxc6 Bxc6 19. Bxc6 Rxc6 20. dxc5 bxc5 {½-½ Naik,R (1942)-Narciso Dublan,M (2551) Koge Niels Juel Cup 2013 (5)}) 13. Ndf3 {[%emt 0:20:15] Strong Square White (e5)} (13. a5 $14) 13... Ne4 $11 14. Nxd7 Qxd7 15. Ne5 Qc7 16. Bxe4 dxe4 17. dxc5 bxc5 18. Rfd1 Rfd8 {[%emt 0:01:21] Wards off Rd7} 19. Qe1 f6 20. Nc4 Rd5 21. Bc3 Ba6 22. Nb2 Qc6 23. Rd2 Rcd8 24. Rad1 R8d7 25. h3 h5 26. Ba5 c4 27. Rxd5 Rxd5 28. Rxd5 Qxd5 (28... exd5 29. b4 $16) 29. bxc4 Bxc4 30. Qb4 Ba6 31. c4 Qb7 32. Qxb7 Bxb7 {[%emt 0:00:04][%mdl 4096] Endgame KBB-KBN} 33. Bc3 Kf7 34. Bd4 a6 35. Kf2 Bc6 36. a5 Bf8 37. Ke2 ({Better is} 37. Bc3 $15) 37... Bb4 $17 38. Bb6 Ke7 39. Kd1 Kd6 ({Black should play} 39... f5 $17 40. Kc2 e5 41. fxe5 Be1) 40. Kc2 $1 $15 e5 41. Kb3 Be1 {[%emt 0:00:49] This pair of bishops is nice.} 42. fxe5+ Kxe5 43. Nd1 f5 44. Nc3 Kd6 45. Ne2 Be8 46. Nd4 Bd7 47. Nc2 Bg3 (47... Bd2 $15) 48. Nb4 $11 Bc8 49. c5+ Ke6 50. Kc4 $1 g5 51. Nc6 (51. c6 f4 52. Nc2 fxe3) 51... Kd7 52. Nd4 f4 53. exf4 gxf4 54. Kd5 (54. c6+ $11 Kd6 55. Bc5+ Ke5 56. Ba7) 54... e3 (54... f3 $1 $17 {[%cal Rf3f2] And now ...f2 would win.} 55. c6+ Ke8 56. gxf3 exf3 57. Nxf3 Bxh3) 55. c6+ Ke7 56. Bc5+ Kf6 57. Nf3 (57. Ke4 $1 $16) 57... e2 (57... Kf7 $1 $11) 58. Bb4 $16 Bf2 (58... Bf5 $16) 59. Kd6 $14 Kf5 (59... Bf5 $1 $14) 60. Kc7 $18 Be6 61. Kd8 Ke4 62. c7 Kd3 $2 {[%emt 0:00:47][%mdl 8192] [#]} (62... Kd5 $16 63. c8=Q Bxc8 64. Kxc8 Kc4) 63. Ne5+ $1 Kc2 {[%emt 0:01:10] [#]} 64. Nd7 $1 Kb3 65. Bd2 $2 (65. c8=R $2 Kxb4 66. Rc1 e1=Q $19 (66... e1=R $2 67. Rc2 $19)) (65. c8=Q $18 {Black must now prevent Qc3+.} Kxb4 66. Qb7+ (66. Qxa6 $2 e1=Q $19) 66... Kc3 67. Qf3+ (67. Qxa6 $2 e1=Q $19) 67... Kd2 68. Qxf2) 65... Kc2 $14 (65... e1=R $2 66. c8=Q (66. c8=B $2 Re4 $19) (66. Bxe1 Bxe1 67. c8=Q Bxa5+ 68. Ke7 Bxd7 $18) 66... Bh4+ 67. Kc7 Bxd7 68. Kxd7 $18) (65... Bh4+ $2 66. Ke8 Kc2 67. Bb4 (67. c8=B $2 Kxd2 68. Ne5 Bxc8 $19) (67. Bxf4 e1=Q $14) 67... Bxd7+ 68. Kxd7 $18) 66. Bb4 $2 (66. Bxf4 $14 Bh4+ 67. Ke8) 66... Kb3 $1 $18 (66... e1=R $2 67. c8=Q+ (67. c8=R+ Kd1 $14) 67... Kd1 68. Bxe1 Bxe1 69. Qxa6 $18) ({Wrong is} 66... Bh4+ $2 67. Ke8 Bxd7+ 68. Kxd7 $18) 67. c8=Q {[%emt 0:01:55] White is clearly winning.} (67. c8=R $2 Kxb4 68. Rc1 e1=Q $19 (68... e1=R $2 69. Rc2 $19)) 67... Kxb4 68. Qb7+ (68. Qxa6 $2 e1=Q (68... e1=R $2 {is the wrong capture.} 69. Qd6+ Kb5 70. a6 $18) 69. Qd6+ Kb5 (69... Kxa5 $2 70. Qc7+ Kb4 71. Qxf4+ Ka3 72. Qd6+ Kb2 73. Ne5 $19) 70. Qb8+ Kxa5 71. Qc7+ Kb5 72. Qb8+ Kc4 73. Qxf4+ Bd4 74. Qc7+ Kb3 75. Nc5+ Bxc5 76. Qxc5 h4 77. Qb5+ Kc2 78. Qc6+ Kd1 $19) 68... Kxa5 69. Qc7+ Kb4 70. Qxf4+ Kc3 71. Qxf2 {[%emt 0:00:08] Weighted Error Value: White=0.10 (very precise) /Black=0.17 (very precise)   Loses game:     	---       	Black=1      Mistake:       	White=4     	Black=6      Inaccurate:     	White=2     	Black=4      OK:         	White=20    	Black=18     Best:        	White=4     	Black=3      Strong:       	White=3     	Black=1} 1-0

[Event "FIDE Women GP Cyprus 2025"]
[Site "Nicosia"]
[Date "2025.03.23"]
[Round "8.5"]
[White "Tsolakidou, Stavroula"]
[Black "Zhu, Jiner"]
[Result "1/2-1/2"]
[Annotator "TA"]
[ECO "B95"]
[WhiteElo "2445"]
[BlackElo "2514"]
[PlyCount "98"]
[EventDate "2025.03.10"]
[EventType "tourn"]
[EventCountry "CYP"]
[SourceTitle "playchess.com"]
[Source "ChessBase"]
[SourceQuality "1"]
[TimeControl "40/5400+30:1800+30"]

1. e4 c5 2. Nf3 d6 3. d4 cxd4 4. Nxd4 Nf6 5. Nc3 a6 6. Bg5 e6 7. Qf3 Nbd7 8. O-O-O Be7 9. g4 $1 {[%mdl 4] is more profitable than 9.Be2 at the moment. B95: Sicilian Najdorf: 6 Bg5 e6, unusual White 7th moves.} Qc7 (9... h6 $5 10. Bd2 Qb6 $14) 10. Bd2 Ne5 11. Qg2 {White has an edge.} Nexg4 12. f3 $146 (12. f4 e5 13. Nf5 Bxf5 14. exf5 Qc6 15. h3 Qxg2 16. Bxg2 Nf2 17. Bxb7 Rb8 18. Bxa6 {1-0 Schleef,H-Wessel,R Theme 23454 freechess.de 2022}) 12... Ne5 13. Qxg7 Rg8 {[%emt 0:00:00] A sharp opening} 14. Qh6 b5 15. a3 Rb8 16. Be2 Rg6 17. Qe3 Nc4 18. Bxc4 bxc4 19. Rdg1 Qb6 (19... e5 {simplifies} 20. Nde2 Be6 21. Rxg6 fxg6 22. Ng3 Bh3) 20. Nd1 {[%emt 0:10:51] Successful Defense White} e5 21. Ne2 Be6 22. Qxb6 Rxb6 23. Ne3 Rc6 24. Nc3 Bd8 25. Ned5 (25. Kb1 $11 {deserves consideration.}) 25... Rc8 26. Nxf6+ {[%emt 0:01:58] The position is equal.} Rxf6 27. Rg3 Bb6 28. Rf1 Kd7 29. f4 exf4 30. Rxf4 Bd4 31. Rxf6 Bxf6 32. Bf4 Rc5 33. Rg1 h5 34. Kd2 h4 35. Ke3 h3 36. Rd1 Be5 37. Bxe5 Rxe5 $11 {[%emt 0:00:06][%mdl 4096] Endgame KRB-KRN} 38. Kf4 f5 39. Rd4 Kc6 40. Rd2 fxe4 41. Nxe4 Rf5+ 42. Ke3 Bd5 43. Nc3 Bg2 44. Rf2 Rg5 45. Rf4 Kc5 46. Na4+ Kb5 $1 47. Nc3+ Kc5 $1 48. Na4+ Kb5 $1 49. Nc3+ Kc5 $1 {[%emt 0:14:25] An interesting draw.   Weighted Error Value: White=0.06 (flawless) /Black=0.06 (flawless)   Mistake:       	White=1     	---        Inaccurate:     	White=2     	Black=2      OK:         	White=16    	Black=15     Best:        	White=2     	---        Strong:       	---       	Black=4} 1/2-1/2